 Dungeon Crawl Stone Soup version 0.30.1-4-g462c640d31 (webtiles) character file.

Game seed: 998958221758535664

4849 Anriel the Skirmisher (level 10, -3/59 HPs)
             Began as a Deep Elf Hunter on Aug 30, 2023.
             Was a Priest of Okawaru.
             Slain by a sun demon (12 damage)
             ... summoned by an orc high priest
             ... in a bailey.
             The game lasted 00:52:19 (9325 turns).

Anriel the Skirmisher (Deep Elf Hunter)             Turns: 9325, Time: 00:52:20

Health: -3/59      AC:  8    Str: 10    XL:     10   Next: 25%
Magic:  9/19       EV: 14    Int: 15    God:    Okawaru [***...]
Gold:   1361       SH:  5    Dex: 20    Spells: 13/19 levels left

rFire   . . .        a - +3 shortbow (freeze)
rCold   . . .        (shield currently unavailable)
rNeg    . . .        c - +0 leather armour
rPois   .            (no helmet)
rElec   .            (no cloak)
rCorr   .            j - +2 pair of gloves
SInv    .            E - +0 pair of boots
Will    +....        x - amulet of reflection
Stlth   +++          (no ring)
HPRegen 0.29/turn    (no ring)
MPRegen 0.16/turn

%: reflection
@: lethally poisoned (-3 -> -17)
A: no striking features
a: Renounce Religion, Heroism


You were in a bailey.
You worshipped Okawaru.
Okawaru was most pleased with you.
You visited 2 branches of the dungeon, and saw 11 of its levels.
You also visited: Sewer, Ossuary and Bailey.

You collected 1361 gold pieces.

Inventory:

Hand Weapons
 a - a +3 shortbow of freezing (weapon)
 A - the +1 hand axe of Curpher {venom, rF+ Will+ SInv}
   (You found it on level 10 of the Dungeon)

   rF:        It protects you from fire.
   SInv:      It lets you see invisible.
   Will:      It increases your willpower.
 D - a +0 arbalest
Armour
 c - a +0 leather armour (worn)
 j - a +2 pair of gloves (worn)
 E - a +0 pair of boots (worn)
Jewellery
 f - a ring of magical power
 x - an amulet of reflection (around neck)
Wands
 n - a wand of flame (17)
 s - a wand of paralysis (14)
 t - a wand of light (17)
 v - a wand of roots (7)
 C - a wand of mindburst (8)
Scrolls
 b - 2 scrolls of immolation
 g - 2 scrolls of magic mapping
 k - a scroll of fog
 q - 3 scrolls of teleportation
 u - 3 scrolls of identify
 y - 2 scrolls of poison
Potions
 e - a potion of berserk rage
 h - 2 potions of magic
 i - 2 potions of might
 l - 3 potions of brilliance
 m - a potion of haste
 p - 2 potions of lignification
 r - a potion of flight
 z - a potion of curing
 B - a potion of cancellation


   Skills:
 - Level 5.0 Fighting
 * Level 11.4 Ranged Weapons
 - Level 5.0 Armour
 - Level 5.0 Dodging
 - Level 5.1 Stealth
 - Level 5.0 Spellcasting
 + Level 2.8 Hexes
 - Level 5.0 Translocations
 + Level 1.0 Fire Magic
 - Level 5.0 Invocations


You had 13 spell levels left.
You knew the following spells:

 Your Spells              Type           Power      Damage    Failure   Level
a - Portal Projectile     Hex/Tloc       30%        N/A       13%         3
b - Inner Flame           Hex/Fire       9%         N/A       28%         3

Your spell library contained the following spells:

 Spells                   Type           Power      Damage    Failure   Level
 Freeze                   Ice            12%        1d3       22%         1
 Cigotuvi's Dreadful Rot  Necr/Pois/Air  6%         N/A       32%         2
 Sublimation of Blood     Necr           3%         N/A       32%         2
 Wereblood                Tmut           3%         N/A       32%         2
 Frozen Ramparts          Ice            6%         1d1       54%         3
 Hailstorm                Conj/Ice       3%         3d3       54%         3
 Leda's Liquefaction      Hex/Erth       4%         N/A       75%         4
 Flame Wave               Conj/Fire      5%         2d5       86%         4
 Sticky Flame             Conj/Fire      5%         2d3       86%         4
 Dispel Undead            Necr           3%         3d7       91%         4
 Borgnjor's Vile Clutch   Necr/Erth      1%         N/A       99%         5
 Call Canine Familiar     Summ           Unusable   N/A       N/A         3
 Animate Dead             Necr           Unusable   N/A       N/A         4
 Death Channel            Necr           Unusable   N/A       N/A         6
 Summon Hydra             Summ           Unusable   N/A       N/A         7

Dungeon Overview and Level Annotations

Branches:
Dungeon (10/15)            Temple (1/1) D:5           Sewer (visited)
Ossuary (visited)          Bailey (1/1)
   Lair: D:8-11         Orc: D:9-12

Altars:
Ashenzari
Cheibriados
Dithmenos
Fedhas
Gozag
Hepliaklqana
Kikubaaqudgha
Makhleb
Nemelex Xobeh
Okawaru
Qazlal
Ru
Sif Muna
Trog
Uskayaw
Vehumet
Xom
Yredelemnul
Zin
The Shining One

Shops:
D:6 *

Annotations:
D:7 2 transporters


Message History

The orc high priest hits you but does no damage.
A goblin comes into view. It is wielding a +0 hand axe.
You block the sun demon's attack.
The orc high priest mumbles some strange prayers to Beogh.
Fire: a) +3 shortbow (freeze)
Press: ? - help, Q - select action, (/) - cycle Shift-Dir - straight line, f/p - orc high priest
Aim: an orc high priest, wielding a +0 war axe and wearing a +0 ring mail (heavily wounded, 69% to hit)
You magically shoot an arrow.
The goblin shouts!
The arrow hits the orc high priest.
The arrow freezes the orc high priest.
The orc high priest is severely wounded.
You block the sun demon's attack.
The orange demon stings you but does no damage.
The orange demon barely misses you. The smoke demon gestures at you.
The ball of steam hits the sun demon.
The sun demon resists.
The ball of steam hits you!
Fire: a) +3 shortbow (freeze)
Press: ? - help, Q - select action, (/) - cycle Shift-Dir - straight line, f/p - orc high priest
Aim: an orc high priest, wielding a +0 war axe and wearing a +0 ring mail (severely wounded, 69% to hit)
You magically shoot an arrow.
The arrow hits the orc high priest.
The arrow freezes the orc high priest.
The orc high priest is severely wounded.
You are engulfed in a cloud of scalding steam.
You are no longer teleporting projectiles to their destination.
You block the sun demon's attack. The orange demon stings you!
You are poisoned.
The orange demon poisons you! The orange demon barely misses you.
Fire: a) +3 shortbow (freeze)
Press: ? - help, Q - select action, (/) - cycle Shift-Dir - straight line, f/p - orc high priest
Aim: an orc high priest, wielding a +0 war axe and wearing a +0 ring mail (severely wounded, 69% to hit)
You shoot an arrow. The arrow barely misses the sun demon.
The arrow hits the orc high priest.
The arrow freezes the orc high priest.
The orc high priest is almost dead.
You feel very sick. The sun demon hits you!!
* * * LOW HITPOINT WARNING * * *
You are engulfed in flames!
You die...

####### ≈≈≈≈≈≈≈
≈≈≈≈≈≈≈ ≈≈≈≈≈≈≈
≈≈≈≈≈≈≈ ≈≈≈≈≈§≈
≈≈≈≈≈≈≈
~~~~§§§######≈≈≈≈≈≈≈
.∩g.§3o3@§'.#≈≈≈≈≈≈≈
#.######4.###≈≈≈≈≈≈≈
#. #....#≈≈≈≈≈≈≈ #
#....#≈≈≈≈≈≈≈ #+##
##'#'#≈≈≈≈≈≈≈ #.o#
#..#.~≈≈≈≈≈≈≈ #.g#
#..#.~≈≈≈≈≈≈≈ #..#
#..#)~≈≈≈≈≈≈≈ #..#
#..#.~≈≈≈≈≈≈≈


You could see an orc high priest, a sun demon (summoned), an orange demon
(summoned) and a smoke demon (summoned).

Vanquished Creatures
  Grinder (D:4)
  3 yaks (D:10)
  Edmund (D:4)
  3 water moccasins
  A black bear (D:5)
  An ice beast (D:5)
  A sky beast (D:7)
  6 orc warriors
  2 wolves (D:10)
  An ogre (D:5)
  4 bullfrogs
  3 elf zombies (Ossuary)
  3 kobold brigands
  4 scorpions
  3 wights (D:7)
  11 killer bees
  4 electric eels (Bailey)
  2 howler monkeys (D:7)
  A centaur zombie (Ossuary)
  4 jellies
  2 orc priests
  A human zombie (Ossuary)
  4 iguanas
  2 sleepcaps
  8 orc wizards
  2 mummies (Ossuary)
  9 adders
  2 gnolls (Bailey)
  A white imp (D:6)
  2 ufetubi
  An adder zombie (Ossuary)
  4 worms (Sewer)
  A dart slug (D:2)
  30 orcs
  11 ball pythons
  5 bats
  15 endoplasms
  6 giant cockroaches
  13 goblins
  6 hobgoblins
  2 jackals (D:3)
  22 kobolds
  4 quokkas
  3 frilled lizards
  2 goblin zombies (Ossuary)
  13 hobgoblin zombies (Ossuary)
  A jackal zombie (Ossuary)
  9 kobold zombies (Ossuary)
  4 orc zombies (Ossuary)
  5 rats
  A rat zombie (Ossuary)
250 creatures vanquished.

Notes
Turn   | Place    | Note
-------+----------+-------------------------------------------
     0 | D:1      | Anriel the Deep Elf Hunter began the quest for the Orb.
     0 | D:1      | Reached XP level 1. HP: 12/12 MP: 3/3
   171 | D:1      | Reached XP level 2. HP: 17/17 MP: 4/4
   207 | D:1      | Reached skill level 1 in Armour
   659 | D:2      | Reached XP level 3. HP: 13/21 MP: 5/5
  1170 | D:2      | Found a faded altar of an unknown god.
  1492 | D:3      | Reached XP level 4. HP: 15/26 MP: 6/6
  2297 | D:4      | Noticed Edmund
  2297 | D:4      | Noticed a scorpion
  2318 | D:3      | Killed a scorpion
  2319 | D:3      | Reached XP level 5. HP: 12/31 MP: 7/7
  2473 | D:4      | Found a blossoming altar of Fedhas.
  2612 | D:4      | Noticed Grinder
  2623 | D:4      | Paralysed by Grinder for 3 turns
  2626 | D:4      | Killed Grinder
  2627 | D:4      | Reached XP level 6. HP: 17/37 MP: 8/8
  2873 | D:4      | Killed Edmund
  2899 | D:4      | Reached XP level 7. HP: 41/41 MP: 9/9
  2922 | D:4      | Found a sparkling altar of Nemelex Xobeh.
  3092 | D:5      | Entered Level 5 of the Dungeon
  3176 | D:5      | Found a glowing drain.
  3293 | Sewer    | Entered a sewer
  3400 | Sewer    | Reached skill level 5 in Stealth
  3791 | Sewer    | Reached skill level 5 in Armour
  3901 | D:5      | Reached skill level 1 in Spellcasting
  3926 | D:5      | Learned a level 3 spell: Portal Projectile
  3960 | D:5      | Found an iron altar of Okawaru.
  3971 | D:5      | Became a worshipper of Warmaster Okawaru
  4086 | D:5      | Found a staircase to the Ecumenical Temple.
  4125 | D:5      | Reached XP level 8. HP: 10/48 MP: 11/13
  4490 | Temple   | Entered the Ecumenical Temple
  5151 | D:6      | Found a glowing golden altar of the Shining One.
  5555 | D:6      | Reached skill level 5 in Spellcasting
  5660 | D:6      | Found Tonacso's General Store.
  5882 | D:7      | Reached skill level 5 in Dodging
  5911 | D:7      | Reached skill level 6 in Ranged Weapons
  5920 | D:7      | Found a broken altar of Ashenzari.
  5966 | D:7      | Reached * piety under Okawaru
  5967 | D:7      | Reached skill level 1 in Translocations
  5975 | D:7      | Found a sand-covered staircase.
  6036 | D:7      | Reached skill level 5 in Fighting
  6093 | D:7      | Reached skill level 7 in Ranged Weapons
  6097 | Ossuary  | Entered an ossuary
  6305 | Ossuary  | Reached skill level 1 in Invocations
  6305 | Ossuary  | Reached XP level 9. HP: 42/54 MP: 18/18
  6564 | D:7      | Reached skill level 8 in Ranged Weapons
  6581 | D:7      | Learned a level 3 spell: Inner Flame
  6886 | D:7      | Found a transporter.
  6893 | D:7      | Found a transporter.
  7252 | D:8      | Reached skill level 9 in Ranged Weapons
  7265 | D:8      | Reached ** piety under Okawaru
  7402 | D:8      | Found a shimmering altar of Xom.
  7405 | D:8      | Found a shimmering altar of Xom.
  7408 | D:8      | Found a shimmering altar of Xom.
  7837 | D:8      | Reached skill level 10 in Ranged Weapons
  8006 | D:8      | Found a glowing silver altar of Zin.
  8386 | D:9      | You fall into a shaft and drop 1 floor!
  8386 | D:10     | Entered Level 10 of the Dungeon
  8557 | D:10     | Reached skill level 5 in Translocations
  8598 | D:10     | Reached XP level 10. HP: 41/59 MP: 19/19
  8643 | D:10     | Found a flagged portal.
  8666 | D:10     | Reached skill level 1 in Hexes
  8677 | D:10     | Reached *** piety under Okawaru
  8678 | D:10     | Reached skill level 11 in Ranged Weapons
  8793 | D:10     | Identified the +1 hand axe of Curpher {venom, rF+ Will+
                  | SInv}
  8797 | Bailey   | Entered a bailey
  8958 | Bailey   | Reached skill level 5 in Invocations
  9163 | Bailey   | Acquired 712 gold pieces
  9280 | Bailey   | Reached skill level 1 in Fire Magic
  9314 | Bailey   | Noticed an orc high priest
  9317 | Bailey   | Noticed a sun demon
  9323 | Bailey   | Noticed a smoke demon
  9323 | Bailey   | Noticed an orange demon
  9325 | Bailey   | Slain by a sun demon

Illustrated notes

Levels and vault maps discovered:
D:1:      wander_arrival_chamber, layout_loops_ring
D:2:      layout_basic, shapermc_ecumenical_altar_gd
D:3:      kennysheep_six_static_rooms, layout_loops_ring, hangedman_decor_push
D:4:      layout_basic, mainiacjoe_overflow_concentric_impassable,
          fedhas_altar_2, uniq_edmund, uniq_grinder
D:5:      layout_basic, kennysheep_okawaru_gauntlet,
          minmay_temple_entry_large_hall, portal_sewer_entry_a,
          chequers_serial_rivers_micro_e
D:6:      layout_cave_pools, tso_metal_star, serial_shops, nicolae_diamond_shop
D:7:      gammafunk_beogh_shrine, layout_basic, lemuel_round_altar,
          enter_ossuary_1
D:8:      layout_loops_corners, xom_redecorated, mainiacjoe_overflow_alcove_1,
          minmay_fractal_squares_diagonal_5
D:9:      layout_stronghold, nzn_wu_jian_contemplation, hiddenorc1_lemuel,
          serial_column_ruins, column_ruins_hut, column_ruins_square_small,
          column_ruins_open_large, column_ruins_open_large,
          column_ruins_corridor_straight, column_ruins_columns_straight,
          serial_shops, nicolae_shop_rolling_square, disabler_island
D:10:     minmay_razor_zed, layout_long_grid,
          mainiacjoe_overflow_small_starburst, enter_bailey_2, uniq_grum
Temple:   hellmonk_temple_forest_ring
Bailey:   bailey_axe_of_yendor_kennysheep, bailey

Skill      XL: |  1  2  3  4  5  6  7  8  9 10 |
---------------+-------------------------------+-----
Armour         | 1 2 3 4 5 |  5.0
Fighting       | 2 3 4 5 |  5.0
Dodging        | 3 5 |  5.0
Stealth        | 2 3 4 5 |  5.1
Spellcasting   | 2 5 |  5.0
Ranged Weapons | 7 10 11 | 11.4
Translocations | 2 5 |  5.0
Invocations    | 1 4 5 |  5.0
Hexes          | 2 |  2.8
Fire Magic     | 1 |  1.0

Action                     |  1- 3 |  4- 6 |  7- 9 | 10-12 || total
---------------------------+-------+-------+-------+-------++-------
  Melee: Shortbow          |       |       |     1 |       ||     1
   Fire: Shortbow          |   105 |   105 |   634 |   100 ||   944
   Cast: Portal Projectile |       |       |       |     1 ||     1
 Invoke: Heroism           |       |       |     1 |     1 ||     2
    Use: Scroll            |     6 |     7 |    20 |     3 ||    36
         Potion            |     1 |     4 |     7 |     2 ||    14
 Armour: Leather armour    |    15 |     9 |    97 |     5 ||   126
  Dodge: Dodged            |    38 |    25 |   288 |    19 ||   370
  Block: Other             |       |       |    25 |     4 ||    29
         Reflection        |       |       |     3 |       ||     3
